 Dungeon Crawl Stone Soup version 0.29-a0-529-gfa20dd96a1 (console) character file.

Game seed: 18147188889951781750

30 om the Insei (level 3, -1/39 HPs)
             Began as a Merfolk Transmuter on June 2, 2022.
             Slain by a goblin
             ... wielding a +0 dagger
             ... led by Robin
              (4 damage)
             ... on level 2 of the Dungeon.
             The game lasted 00:02:43 (722 turns).

om the Insei (Merfolk Transmuter)                    Turns: 722, Time: 00:02:43

Health: -1/39      AC: 21    Str: 11 (12) XL:     3   Next: 20%
Magic:  6/6        EV:  2    Int: 11 (12) God:
Gold:   36         SH:  0    Dex: 11 (14) Spells: 3/6 levels left

rFire   . . .      SeeInvis .   g - +0 spear
rCold   . . .      Faith    .   (no shield)
rNeg    . . .      Spirit   .   (body armour currently unavailable)
rPois   +          Reflect  .   (helmet currently unavailable)
rElec   .          Harm     .   (cloak currently unavailable)
rCorr   .          Rampage  .   (gloves currently unavailable)
Will    .....      NoTele   +   (boots currently unavailable)
Stlth   +.........              (no amulet)
HPRegen 0.13/turn               (no ring)
MPRegen 0.10/turn               (no ring)

@: tree-form
A: stationary, stasis, torment immunity, boosted hp, (nimble swimmer 2),
(mertail)
a: no special abilities


You were on level 2 of the Dungeon.
You were a tree.
You visited 1 branch of the dungeon, and saw 2 of its levels.

You collected 36 gold pieces.

Inventory:

Hand Weapons
 g - a +0 spear (weapon)
Armour
 a - a +0 robe (melded)
Scrolls
 c - a scroll of enchant armour {unknown}
 d - a scroll of identify {unknown}
 h - a scroll of torment {unknown}
Potions
 f - 2 potions of flight {unknown}
 i - a potion of mutation {unknown}
 j - 2 potions of might {unknown}


   Skills:
 + Level 1.5 Fighting
 * Level 1.2 Polearms
 * Level 3.2 Dodging
 - Level 3.3 Unarmed Combat
 * Level 2.3 Spellcasting
 * Level 3.3 Transmutations


You had 3 spell levels left.
You knew the following spells:

 Your Spells              Type           Power      Damage    Failure   Level
a - Beastly Appendage     Tmut           16%        N/A       7%          1
b - Wereblood             Tmut           8%         N/A       11%         2

Your spell library contained the following spells:

 Spells                   Type           Power      Damage    Failure   Level
 Spider Form              Tmut/Pois      4%         N/A       38%         3
 Ice Form                 Ice/Tmut       4%         N/A       80%         4


Dungeon Overview and Level Annotations

Branches:
Dungeon (1/15)

Altars:

Annotations:
D:2 Robin


Innate Abilities, Weirdness & Mutations

You are a tree.
Your roots penetrate the ground, keeping you stationary.
You cannot be teleported.
You are immune to unholy pain and torment.
Your maximum health is greatly increased.
Your equipment is partially melded.
((You are very nimble when in or above water. (Stealth+, EV+, Speed+++)))
((Your lower body shifts to a powerful aquatic tail in water.))


Message History

The goblin hits you but does no damage. The goblin hits you with a +0 dagger.
You barely miss the goblin.
The goblin is moderately wounded.
The hobgoblin shouts!
The goblin hits you but does no damage.
A goblin comes into view. It is wielding a +0 dagger.
The goblin hits you but does no damage. x3
You closely miss the goblin.
The goblin is moderately wounded.
The goblin shouts!
The goblin no longer looks unusually strong.
The goblin hits you but does no damage. x5
You hit the goblin.
You kill the goblin!
The goblin hits you but does no damage. x6; The goblin hits you with a +0 club.
* * * LOW HITPOINT WARNING * * *
A frilled lizard comes into view.
The goblin hits you but does no damage. The goblin hits you with a +0 dagger.
* * * LOW HITPOINT WARNING * * *
You hit the goblin.
You kill the goblin!
The goblin no longer looks unusually strong.
The goblin hits you but does no damage. x3; The goblin completely misses you.
You hit the hobgoblin but do no damage.
The hobgoblin no longer looks unusually strong.
The goblin hits you but does no damage. x4; The hobgoblin hits you.
* * * LOW HITPOINT WARNING * * *
You hit the hobgoblin but do no damage. The goblin hits you but does no damage.
The goblin hits you with a +0 club.
* * * LOW HITPOINT WARNING * * *
The hobgoblin completely misses you.
The goblin hits you but does no damage. x2
Robin roars a battlecry!
The goblins go into a battle-frenzy!
Unknown command.
It was a potion of degeneration.
There was something very wrong with that liquid.
You feel weakened.
You feel dopey.
You feel clumsy.
The goblin no longer looks unusually strong. x3
The goblin hits you with a +0 dagger.
You die...

#.....#......
#....##......
#..#.........
##.#.)#......
#.##)#...)..
#....#.####.
####...#
#.gg# ##g♣#
#gg#
......ggg.#
.######.#.#
.l....
.......
.........#
.>.......#
........#..


You could see Robin, a hobgoblin (strong), 6 goblins and a frilled lizard.

Vanquished Creatures
  An adder (D:2)
  An endoplasm (D:1)
  2 giant cockroaches (D:1)
  4 goblins (D:2)
  2 hobgoblins
  3 kobolds (D:2)
  2 quokkas
  A ball python (D:1)
  2 bats
  A frilled lizard (D:1)
  A rat (D:1)
20 creatures vanquished.

Notes
Turn   | Place    | Note
-------+----------+-------------------------------------------
     0 | D:1      | om the Merfolk Transmuter began the quest for the Orb.
     0 | D:1      | Reached XP level 1. HP: 15/15 MP: 3/3
     2 | D:1      | Noticed a tengu
     2 | D:1      | Noticed an elf
     4 | D:1      | Noticed a demonspawn
     4 | D:1      | Noticed a ghoul
     6 | D:1      | Noticed an ogre
     8 | D:1      | Noticed a felid
     8 | D:1      | Noticed a gargoyle
    10 | D:1      | Noticed a vine stalker
    12 | D:1      | Noticed a troll
    14 | D:1      | Noticed a draconian
    14 | D:1      | Noticed a naga
    16 | D:1      | Noticed a vampire
    16 | D:1      | Noticed an octopode
    18 | D:1      | Noticed a formicid
    18 | D:1      | Noticed a spriggan
    23 | D:1      | Noticed a merfolk
    25 | D:1      | Noticed a minotaur
    27 | D:1      | Noticed a demigod
    27 | D:1      | Noticed a human
    29 | D:1      | Noticed a dwarf
   322 | D:1      | Reached XP level 2. HP: 19/21 MP: 3/5
   406 | D:1      | Learned a level 2 spell: Wereblood
   507 | D:1      | You fall into a shaft and drop 1 floor!
   703 | D:2      | Noticed Robin
   704 | D:2      | Reached skill level 1 in Polearms
   704 | D:2      | Reached XP level 3. HP: 18/26 MP: 6/6
   722 | D:2      | Slain by a goblin

Illustrated notes

Levels and vault maps discovered:
D:1:      kb_arrival_jail, layout_rooms
D:2:      layout_rooms, basic_altar, roderic_lattice_a, minmay_misc_feat_roman,
          uniq_robin

Skill      XL: |  1  2 |
---------------+-------+-----
Dodging        | 3 |  3.2
Transmutations | 3 |  3.3
Polearms       | 1 |  1.2
Fighting       | |  1.5
Unarmed Combat | |  3.3
Spellcasting   | |  2.3

Action                   || total
-------------------------++-------
Melee: Unarmed           ||    17
       Spear             ||    56
       Headbutt          ||     5
       Punch             ||     3
 Cast: Beastly Appendage ||    10
       Wereblood         ||     1
  Use: Potion            ||     2
Armor: Robe              ||    10
       Skin              ||    67
Dodge: Dodged            ||    36

Table legend: (Time is in decaauts)
 A = Elapsed time spent in this place.
 B = Non-inter-level travel time spent in this place.
 C = Inter-level travel time spent in this place.
 D = Time resting spent in this place.
 E = Time spent auto-exploring this place.
 F = Levels seen in this place.
 G = Mean time per level.
                   A        B        C        D        E       F      G
               +--------+--------+--------+--------+--------+-----+--------+
         Total |    724 |    724 |      0 |    153 |    399 |   2 |  362.0 |
       Dungeon |    724 |    724 |      0 |    153 |    399 |   2 |  362.0 |
               +--------+--------+--------+--------+--------+-----+--------+

Top non-repeatable levels by time:
     D:1: 506 daAuts
     D:2: 217 daAuts
